 Dungeon Crawl Stone Soup version 0.30-b1-2-g02819fbbbe (webtiles) character file.

Game seed: 15457482808832720718

9486 Mesmaeker13 the Fighter (level 11, -3/93 HPs)
             Began as a Barachi Hunter on May 8, 2023.
             Was a Priest of Okawaru.
             Slain by a gargoyle
             ... wielding a +0 flail
              (12 damage)
             ... on level 10 of the Dungeon.
             The game lasted 00:23:06 (11417 turns).

Mesmaeker13 the Fighter (Barachi Hunter)           Turns: 11417, Time: 00:23:07

Health: -3/93      AC: 14    Str: 11    XL:     11   Next: 47%
Magic:  13/13      EV:  8    Int: 10    God:    Okawaru [***...]
Gold:   218        SH:  0    Dex: 25    Spells: 10/10 levels left

rFire   . . .        A - +2 war axe (freeze)
rCold   + . .        (no shield)
rNeg    . . .        L - +0 chain mail
rPois   +            N - +0 helmet of Whack-A-Mole {Rampage rPois Str-2}
rElec   .            (no cloak)
rCorr   .            (no gloves)
SInv    .            K - +0 pair of boots of the Unbroken {rC+ Slay+2}
Will    .....        f - amulet of regeneration Stlth
                     H - +6 ring of dexterity
HPRegen 1.15/turn    G - ring of poison resistance
MPRegen 0.13/turn

%: rampage
@: studying Air Magic, slow
A: amphibious, slowness 1, strong legs 1, +LOS
a: Hop, Renounce Religion, Heroism


You were on level 10 of the Dungeon.
You worshipped Okawaru.
Okawaru was most pleased with you.
You visited 1 branch of the dungeon, and saw 10 of its levels.
You also visited: Bailey.

You collected 474 gold pieces.
You spent 256 gold pieces at shops.

Inventory:

Hand Weapons
 a - a +0 shortbow
 x - a +0 broad axe
 A - a +2 war axe of freezing (weapon)
 C - a +0 glaive
Missiles
 y - 24 poisoned darts
Armour
 K - the +0 pair of boots of the Unbroken (worn) {rC+ Slay+2}
   (You bought it in a shop on level 2 of the Dungeon)

   Slay:      It affects your accuracy & damage with ranged weapons and melee
   (+2).
   rC:        It protects you from cold.
 L - a +0 chain mail (worn)
 N - the +0 helmet of Whack-A-Mole (worn) {Rampage rPois Str-2}
   (You found it in a bailey)

   Str:       It affects your strength (-2).
   rPois:     It protects you from poison.
   Rampage:   It bestows one free step when moving towards enemies.
Jewellery
 f - an amulet of regeneration (around neck)
 k - an amulet of reflection
 m - a +6 ring of strength
 s - an amulet of the acrobat
 G - a ring of poison resistance (right hand)
 H - a +6 ring of dexterity (left hand)
 M - a ring of protection from cold
Wands
 h - a wand of mindburst (9)
 r - a wand of flame (21)
 I - a wand of quicksilver (2)
Scrolls
 b - 4 scrolls of immolation
 c - 2 scrolls of enchant armour
 d - a scroll of blinking
 g - 2 scrolls of vulnerability
 l - 2 scrolls of poison
 n - 3 scrolls of teleportation
 p - a scroll of torment {unknown}
 q - 2 scrolls of fog
 u - a scroll of enchant weapon
 v - a scroll of noise
Potions
 e - 3 potions of might
 i - 3 potions of mutation
 j - 2 potions of curing
 t - 3 potions of haste
 w - 3 potions of attraction
 B - a potion of ambrosia {unknown}
 D - a potion of lignification {unknown}
 E - a potion of berserk rage {unknown}
 F - a potion of magic {unknown}
Miscellaneous
 z - a phantom mirror


   Skills:
 + Level 11.2 Fighting
 + Level 3.0 Axes
 + Level 10.1 Ranged Weapons
 + Level 10.0 Armour
 - Level 4.3 Dodging
 - Level 0.8 Stealth
 + Level 3.1 Invocations
 - Level 6.6 Evocations


You had 10 spell levels left.
You didn't know any spells.
Your spell library contained the following spells:

 Spells                   Type           Power      Damage    Failure   Level
 Apportation              Tloc           0%         N/A       99%         1
 Slow                     Hex            0%         N/A       99%         1
 Blink                    Tloc           0%         N/A       100%        2
 Confusing Touch          Hex            0%         N/A       100%        3
 Dazzling Flash           Conj/Hex       0%         N/A       100%        3
 Vampiric Draining        Necr           0%         2d6       100%        3
 Volatile Blastmotes      Fire/Tloc      0%         2d10      100%        3
 Anguish                  Hex/Necr       0%         N/A       100%        4
 Cause Fear               Hex            0%         N/A       100%        4
 Iskenderun's Mystic Bla  Conj/Tloc      0%         2d3       100%        4
 Manifold Assault         Tloc           0%         N/A       100%        4
 Agony                    Necr           0%         N/A       100%        5
 Alistair's Intoxication  Tmut/Pois      0%         N/A       100%        5
 Silence                  Hex/Air        0%         N/A       100%        5
 Starburst                Conj/Fire      0%         6d3       100%        6
 Enfeeble                 Hex            0%         N/A       100%        7
 Storm Form               Tmut/Air       0%         N/A       100%        7
 Summon Mana Viper        Hex/Summ       Unusable   N/A       N/A         5
 Simulacrum               Ice/Necr       Unusable   N/A       N/A         6

Dungeon Overview and Level Annotations

Branches:
Dungeon (10/15)            Temple (0/1) D:7            Lair (0/5) D:8
 Bailey (visited)
    Orc: D:9-12

Altars:
Elyvilon
Fedhas
Nemelex Xobeh
Okawaru
Qazlal
Ru
Trog
Uskayaw
Wu Jian

Shops:
D:2 [   D:6 (


Innate Abilities, Weirdness & Mutations

You are amphibious.
You cover ground slowly.
You can hop short distances.
You have an extended range of vision and can be seen from far away.


Message History

The gargoyle is severely damaged.
The gargoyle hits you with a +0 flail!
You are too injured to fight recklessly!
You are too injured to fight recklessly!
You are too injured to fight recklessly!
Unknown command.
Your +2 war axe of freezing glows with a cold blue light!
A - a +2 war axe of freezing (weapon)
The gargoyle hurls a stone arrow at you.
The stone arrow hits you!!
* * * LOW HITPOINT WARNING * * *
You hit the gargoyle but do no damage.
The gargoyle is severely damaged.
The gargoyle hits you with a +0 flail!
* * * LOW HITPOINT WARNING * * *
You feel much better. The gargoyle closely misses you.
The gargoyle hits you with a +0 flail. The gargoyle hits you with a +0 flail!
The gargoyle hurls a stone arrow at you.
The stone arrow hits you!
* * * LOW HITPOINT WARNING * * *
You hit the gargoyle but do no damage.
The gargoyle is severely damaged.
The gargoyle barely misses you.
You hit the gargoyle. You freeze the gargoyle.
You punch the gargoyle, but do no damage.
The gargoyle is almost destroyed.
The gargoyle hits you with a +0 flail!
* * * LOW HITPOINT WARNING * * *
You hit the gargoyle but do no damage.
The gargoyle is almost destroyed.
The gargoyle barely misses you. x2
You hit the gargoyle but do no damage.
The gargoyle is almost destroyed.
The gargoyle hits you with a +0 flail.
* * * LOW HITPOINT WARNING * * *
You hit the gargoyle but do no damage.
The gargoyle is almost destroyed.
The gargoyle hits you with a +0 flail!
You die...

#.......#.##
####.####.## ##.#.###...
###### #.###......
....#####.#.######
#.#.##.....##
#.##.#.##.###.#
#.##........#.####
#.##@9....)<[....#
#.##.#.##.)......###
#......##........>.#
####..#.##............#
#........#.#..#..[....##
#..).....#.#..........).
#.)∩).........###....<..
#..).....#.######.....)<
#........### #.......##.


You could see a gargoyle.

Vanquished Creatures
  3 two-headed ogres
  An orc knight (Bailey)
  4 trolls
  Grinder (D:4)
  2 wraiths
  3 yaks
  3 steam dragons
  4 vampire mosquitoes (D:8)
  Menkaure (D:5)
  A water moccasin (D:7)
  A black bear (D:7)
  8 orc warriors
  A sky beast (D:7)
  An ice beast (D:7)
  4 centaurs
  3 phantoms
  A kobold brigand (D:8)
  2 bullfrogs (D:7)
  Blork the orc (D:4)
  A gnoll sergeant (D:8)
  4 scorpions
  8 wights
  9 killer bees
  7 howler monkeys
  5 jellies
  7 orc priests
  2 gnoll boudas
  4 hounds
  2 sleepcaps (D:7)
  Natasha (thrice) (D:3)
  2 iguanas (D:7)
  9 orc wizards
  15 gnolls
  7 adders
  3 shadow imps
  A white imp (D:8)
  An ufetubus (D:7)
  A worm (D:5)
  2 dart slugs
  42 orcs
  5 ball pythons
  16 endoplasms
  3 giant cockroaches
  10 goblins
  5 hobgoblins
  4 jackals (D:1)
  19 kobolds
  A quokka (D:1)
  4 bats
  5 frilled lizards
  A rat (D:2)
253 creatures vanquished.

Vanquished Creatures (others)
  3 orcs (D:9)
  7 fungi (D:3)
  8 toadstools (D:3)
18 creatures vanquished.

Grand Total: 271 creatures vanquished

Notes
Turn   | Place    | Note
-------+----------+-------------------------------------------
     0 | D:1      | Mesmaeker13 the Barachi Hunter began the quest for the Orb.
     0 | D:1      | Reached XP level 1. HP: 17/17 MP: 1/1
   142 | D:1      | Reached XP level 2. HP: 23/23 MP: 2/2
   162 | D:1      | Found a faded altar of an unknown god.
   444 | D:1      | Reached skill level 3 in Fighting
   532 | D:1      | Got the Atlas of the Curious Bounties
   684 | D:2      | Reached XP level 3. HP: 29/29 MP: 3/3
   906 | D:2      | Found Vysea's Antique Armour Boutique.
  1173 | D:3      | Noticed Natasha
  1176 | D:3      | Killed Natasha
  1177 | D:3      | Reached XP level 4. HP: 27/37 MP: 4/4
  1395 | D:3      | Noticed Natasha
  1408 | D:3      | HP: 1/37 [Natasha (4)]
  1411 | D:3      | Killed Natasha
  1412 | D:3      | Reached skill level 4 in Fighting
  1412 | D:3      | Reached XP level 5. HP: 2/42 MP: 5/5
  1936 | D:3      | Noticed Natasha
  1938 | D:3      | Killed Natasha
  1939 | D:3      | Reached skill level 5 in Ranged Weapons
  2334 | D:3      | Reached XP level 6. HP: 39/49 MP: 6/6
  2574 | D:4      | Noticed Blork the orc
  2589 | D:4      | Killed Blork the orc
  2590 | D:4      | Reached skill level 5 in Fighting
  2590 | D:4      | Reached skill level 1 in Armour
  2658 | D:4      | Noticed Grinder
  2737 | D:4      | Reached XP level 7. HP: 56/56 MP: 7/7
  2750 | D:4      | Found an iron altar of Okawaru.
  2765 | D:5      | Entered Level 5 of the Dungeon
  3004 | D:5      | Found a sparkling altar of Nemelex Xobeh.
  3610 | D:5      | Noticed Menkaure
  3984 | D:6      | Reached skill level 6 in Fighting
  4245 | D:5      | Found a bloodstained altar of Trog.
  4260 | D:5      | Found a stormy altar of Qazlal.
  4330 | D:5      | Found a sacrificial altar of Ru.
  4365 | D:5      | Found an ornate altar of the Wu Jian Council.
  4557 | D:4      | Reached XP level 8. HP: 63/65 MP: 8/8
  4838 | D:4      | Killed Grinder
  4839 | D:4      | Reached skill level 7 in Fighting
  5192 | D:5      | Reached skill level 5 in Armour
  5421 | D:5      | Reached skill level 1 in Evocations
  6069 | D:6      | Reached XP level 9. HP: 61/74 MP: 9/9
  6126 | D:6      | Found Viabrill's Weapon Emporium.
  6179 | D:6      | Noticed a two-headed ogre
  6299 | D:6      | Reached skill level 8 in Fighting
  6419 | D:6      | Killed a two-headed ogre
  6597 | D:6      | Found a hide-covered altar of Uskayaw.
  6723 | D:4      | Became a worshipper of Warmaster Okawaru
  7102 | D:7      | Found a staircase to the Ecumenical Temple.
  7136 | D:7      | Identified the staff of poison "Posixt" {rPois rF+ Dex+9}
  7247 | D:7      | Found a blossoming altar of Fedhas.
  7320 | D:7      | Reached skill level 9 in Fighting
  7410 | D:7      | Noticed a troll
  7416 | D:7      | Killed a troll
  7417 | D:7      | Reached skill level 5 in Evocations
  7417 | D:7      | Reached XP level 10. HP: 83/83 MP: 10/10
  7893 | D:7      | Reached * piety under Okawaru
  8186 | D:8      | Reached ** piety under Okawaru
  8330 | D:8      | Found a staircase to the Lair.
  8508 | D:8      | Reached skill level 10 in Fighting
  8676 | D:2      | Bought a pair of pitted boots for 256 gold pieces
  8676 | D:2      | Identified the +0 pair of boots of the Unbroken {rC+
                  | Slay+2} (You bought it in a shop on level 2 of the Dungeon)
  8809 | D:5      | Killed Menkaure
  9418 | D:9      | Noticed a two-headed ogre
  9441 | D:9      | Noticed a two-headed ogre
  9824 | D:9      | Killed a two-headed ogre
  9825 | D:9      | Reached skill level 1 in Invocations
  9825 | D:9      | Reached XP level 11. HP: 63/92 MP: 10/12
 10192 | D:9      | Found a white marble altar of Elyvilon.
 10278 | D:9      | Killed a two-headed ogre
 10278 | D:9      | Reached *** piety under Okawaru
 10279 | D:9      | Reached skill level 1 in Axes
 10475 | D:10     | Entered Level 10 of the Dungeon
 10582 | D:10     | Found a flagged portal.
 10593 | Bailey   | Entered a bailey
 10765 | Bailey   | Noticed an orc knight
 10805 | Bailey   | Reached skill level 11 in Fighting
 10805 | Bailey   | Reached skill level 10 in Ranged Weapons
 10811 | Bailey   | Killed an orc knight
 10912 | Bailey   | Identified the +0 helmet of Whack-A-Mole {Rampage rPois
                  | Str-2}
 10927 | Bailey   | Identified the +2 plate armour "Plog" {rElec rF- Int+5}
 11265 | D:10     | Reached skill level 10 in Armour
 11417 | D:10     | Slain by a gargoyle

Illustrated notes

Levels and vault maps discovered:
D:1:      mainiacjoe_arrival_reflecting_pool, layout_loops_ring,
          shapermc_ecumenical_altar_starsandcircs
D:2:      layout_rooms, serial_shops, nicolae_square_shop
D:3:      cheibrodos_fertilizer, layout_loops_ring, minmay_misc_feat_x,
          uniq_natasha
D:4:      layout_cave_pools, kennysheep_okawaru_gauntlet, uniq_blork_the_orc,
          uniq_grinder
D:5:      layout_loops_corners, nemelex_xobeh_ov_fountains_minmay,
          nicolae_overflow_quartered_altars, uniq_menkaure
D:6:      layout_loops_ring, lemuel_doored_altar, serial_shops,
          kennysheep_little_box, kennysheep_generic_room_3
D:7:      layout_gridville, fedhas_altar_1, minmay_temple_entry_stoned_glass
D:8:      kennysheep_six_static_rooms, layout_cave_pools, lair_entry_dummy,
          minmay_manual_mail
D:9:      layout_rooms, nicolae_overflow_crystal_walls, serial_bayou_crossing
D:10:     layout_loops_cross, enter_bailey_2

Skill      XL: |  1  2  3  4  5  6  7  8  9 10 11 |
---------------+----------------------------------+-----
Fighting       | 3 4 5 6 7 9 10 11 | 11.2
Dodging        | 3 4 |  4.3
Ranged Weapons | 5 6 7 8 9 10 | 10.1
Armour         | 2 4 5 7 9 10 | 10.0
Evocations     | 2 5 6 |  6.6
Invocations    | 1 3 |  3.1
Axes           | 3 |  3.0
Stealth        | |  0.8

Action                     |  1- 3 |  4- 6 |  7- 9 | 10-12 || total
---------------------------+-------+-------+-------+-------++-------
  Melee: Flail             |       |       |    56 |       ||    56
         Punch             |       |       |     1 |     2 ||     3
         Trident           |       |       |    16 |   102 ||   118
         War axe           |       |       |       |    91 ||    91
   Fire: Shortbow          |   104 |   129 |   351 |   266 ||   850
 Invoke: Heroism           |       |       |       |     2 ||     2
Ability: Hop               |       |     2 |     4 |     4 ||    10
  Evoke: Wand              |       |     1 |    31 |     9 ||    41
    Use: Scroll            |     2 |     1 |     4 |     5 ||    12
         Potion            |       |     1 |     4 |     8 ||    13
   Stab: Paralysed         |       |       |     9 |       ||     9
 Armour: Leather armour    |    20 |     1 |    28 |       ||    49
         Ring mail         |       |       |    23 |       ||    23
         Chain mail        |       |       |       |   155 ||   155
         Troll leather arm |       |       |       |    11 ||    11
  Dodge: Dodged            |    29 |    25 |   145 |   220 ||   419
  Block: Other             |       |    10 |    47 |    38 ||    95
         Reflection        |       |     1 |     2 |     2 ||     5
